 Dungeon Crawl Stone Soup version 0.23.1-37-gaa34b87 (webtiles) character file.

Game seed: 6826874673062286543

133 Borgoz the Skirmisher (level 5, -8/46 HPs)
             Began as a Ghoul Monk on Mar 22, 2019.
             Killed by divine providence
             ... invoked by an orc priest
              (14 damage)
             ... on level 3 of the Dungeon.
             The game lasted 00:03:15 (1723 turns).

Borgoz the Skirmisher (Ghoul Monk)                  Turns: 1723, Time: 00:03:16

Health: -8/46      AC: 10    Str: 15    XL:     5   Next: 16%
Magic:  4/4        EV:  5    Int:  6    God:
Gold:   89         SH:  0    Dex: 11    Spells: 4/4 levels left

rFire    . . .     SeeInvis .     - Unarmed
rCold    + . .     Gourm    .   (no shield)
rNeg     + + +     Faith    .   j - +0 plate armour
rPois    ∞         Spirit   .   (no helmet)
rElec    .         Reflect  .   (no cloak)
rCorr    .         Harm     .   (no gloves)
MR       .....                  (no boots)
Stlth    ..........             f - amulet of magic regeneration (curse)
HPRegen  0.00/turn              (no ring)
MPRegen  0.34/turn              (no ring)

@: rotting, hasted, very quick
A: rotting body, claws 1, carnivore, cold resistance 1, negative energy
resistance 3, inhibited regeneration, torment resistance, unbreathing
a: no special abilities


You were on level 3 of the Dungeon.
You were not hungry.

You visited 1 branch of the dungeon, and saw 3 of its levels.

You collected 89 gold pieces.

Inventory:

Hand Weapons
 e - a +0 short sword
Missiles
 i - a throwing net (quivered)
 k - 15 poisoned needles
Armour
 a - a +0 robe
 j - a +0 plate armour (worn)
Jewellery
 f - a cursed amulet of magic regeneration (around neck)
Wands
 m - a wand of digging (4)
Scrolls
 d - a scroll of blinking {unknown}
 g - 2 scrolls of identify {unknown}
 n - a scroll of remove curse {unknown}
 o - a scroll of fear {unknown}
Comestibles
 b - 9 rations
 h - 2 chunks of flesh


   Skills:
 + Level 4.0 Fighting
 * Level 1.5 Short Blades
 * Level 1.9 Armour
 * Level 3.7 Dodging
 - Level 2.1 Stealth
 - Level 3.2 Unarmed Combat


You had 4 spell levels left.
You didn't know any spells.
Your spell library was empty.

Dungeon Overview and Level Annotations

Branches:
Dungeon (3/15)

Altars:

Annotations:
D:3 Natasha


Innate Abilities, Weirdness & Mutations

Your body is rotting away.
You thrive on raw meat.
You are immune to poison.
You have sharp fingernails.
You are carnivorous and can eat meat at any time.
Your flesh is cold resistant. (rC+)
You are immune to negative energy. (rN+++)
You do not regenerate when monsters are visible.
You are immune to unholy pain and torment.
You can survive without breathing.


Message History

Natasha mumbles some strange words.
The orc hits you with a +2 dagger of venom.
* * * LOW HITPOINT WARNING * * *
It was a potion of curing.
You feel better. The orc hits you with a +0 war axe.
* * * LOW HITPOINT WARNING * * *
The orc hits you with a +2 dagger of venom.
* * * LOW HITPOINT WARNING * * *
The orc priest miscasts a cantrip.
The orc priest struggles against the net.
It was a potion of haste.
You feel yourself speed up. The orc barely misses you.
The orc hits you with a +0 war axe.
* * * LOW HITPOINT WARNING * * *
The crimson imp blinks!
The orc hits you but does no damage.
The orc priest struggles against the net.
The net rips apart, and the orc priest comes free!
Natasha zaps a wand.
Some rock shatters into small pieces.
The now-empty wand crumbles to dust.
The orc priest invokes the aid of Beogh against you.
Beogh smites you!
You die...

## ####.♣♣♣ ..# #.# #.♣ ###
####.#### #.# #.♣ #+ #.. .......#
#.######.♣ ... #.# #...##.#
#........♣♣ .... #.# ###...##.#
#.....#...♣♣ .....##.###.#...##.#
#.##..#<....
..5.....h.Ko....##.###.#...#.##(.
......5....o....@.............+..
[.....#.##o....###.###.......##..
..§.. #.##..#..###.# ####..#####.
.... #............# ##.# ## ...
####.######### ##.## # #' #.#
####...# # #.# #......### #.#
#........# #..#####.#


You could see an orc priest, 2 orcs and a kobold.

Vanquished Creatures
  Natasha (D:3)
  3 gnolls (D:3)
  2 adders
  An ooze (D:1)
  3 worms (D:2)
  4 dart slugs
  2 leopard geckos (D:1)
  2 orcs (D:3)
  4 goblins
  5 hobgoblins
  A quokka (D:2)
  A ball python (D:1)
  4 bats
  2 kobolds
  A leopard gecko skeleton (D:2)
  8 rats
44 creatures vanquished.

Notes
Turn   | Place    | Note
-------+----------+-------------------------------------------
     0 | D:1      | Borgoz the Ghoul Monk began the quest for the Orb.
     0 | D:1      | Reached XP level 1. HP: 19/19 MP: 0/0
    58 | D:1      | Reached XP level 2. HP: 12/26 MP: 1/1
   662 | D:2      | Reached XP level 3. HP: 22/31 MP: 2/2
   855 | D:2      | Reached skill level 1 in Armour
  1393 | D:2      | Reached XP level 4. HP: 39/40 MP: 3/3
  1469 | D:3      | Reached skill level 1 in Short Blades
  1567 | D:3      | Noticed Natasha
  1583 | D:3      | Killed Natasha
  1583 | D:3      | Reached skill level 4 in Fighting
  1583 | D:3      | Reached XP level 5. HP: 30/46 MP: 4/4
  1709 | D:3      | Noticed Natasha
  1723 | D:3      | Killed from afar by an orc priest

Skill      XL: |  1  2  3  4 |
---------------+-------------+-----
Dodging        | 3 |  3.7
Armour         | 1 |  1.9
Short Blades   | 1 |  1.5
Fighting       | 4 |  4.0
Stealth        | |  2.1
Unarmed Combat | |  3.2

Action                   |  1- 3 |  4- 6 || total
-------------------------+-------+-------++-------
Melee: Unarmed           |   131 |    72 ||   203
       Punch             |     2 |       ||     2
Throw: Throwing net      |       |     4 ||     4
  Use: Potion            |       |     2 ||     2
 Stab: Sleeping          |     4 |       ||     4
  Eat: Chunk             |     6 |     5 ||    11
Armor: Robe              |     2 |       ||     2
       Plate armour      |    79 |    47 ||   126
Dodge: Dodged            |    35 |    19 ||    54
